 Dungeon Crawl Stone Soup version 0.21-a0-442-g848f44b (webtiles) character file.

11 slep the Skirmisher (level 2, 0/24 HPs)
             Began as a Demonspawn Wanderer on Nov 17, 2017.
             Slain by a hobgoblin (4 damage)
             ... on level 1 of the Dungeon.
             The game lasted 00:01:36 (429 turns).

slep the Skirmisher (Demonspawn Wanderer)            Turns: 429, Time: 00:01:36

Health: 0/24       AC:  5    Str: 10    XL:     2   Next: 17%
Magic:  2/2        EV:  9    Int: 16    God:
Gold:   12         SH:  0    Dex: 11    Spells: 1/1 levels left

rFire    . . .     SeeInvis .   h - +1 dagger (venom)
rCold    . . .     Gourm    .   (no shield)
rNeg     . . .     Faith    .   e - +0 ring mail
rPois    .         Spirit   .   (no helmet)
rElec    .         Reflect  .   (no cloak)
rCorr    .         Harm     .   (no gloves)
MR       .....                  (no boots)
Stlth    +.........             (no amulet)
HPRegen  0.08/turn              (no ring)
MPRegen  0.08/turn              (no ring)

@: no status effects
A: demonic guardian 1
a: no special abilities


You were on level 1 of the Dungeon.
You were not hungry.

You visited 1 branch of the dungeon, and saw 1 of its levels.

You collected 12 gold pieces.

Inventory:

Hand Weapons
 a - a +2 dagger
 c - a +0 hand crossbow
 h - a +1 dagger of venom (weapon)
Missiles
 d - 23 bolts
 i - 35 stones (quivered)
Armour
 e - a +0 ring mail (worn)
 f - a +0 robe
Potions
 b - a potion of berserk rage
Comestibles
 g - 2 bread rations


   Skills:
 + Level 3.3 Fighting
 + Level 0.3 Short Blades
 + Level 1.0 Throwing
 + Level 2.0 Armour
 + Level 0.1 Dodging
 + Level 1.0 Stealth
   Level 2.1 Necromancy
   Level 1.0 Transmutations


You had one spell level left.
You didn't know any spells.

Dungeon Overview and Level Annotations

Branches:
Dungeon (1/15)

Altars:


Innate Abilities, Weirdness & Mutations

A weak demonic guardian rushes to your aid.


Message History

The jackal bites you.
The jackal bites you but does no damage. x2
The jackal misses you.
You barely miss the jackal.
The jackal is almost dead.
You kill the jackal!
You have reached level 2!
Your demonic ancestry asserts itself...
You feel the presence of a demonic guardian.
You kill the jackal!
The jackal bites you but does no damage.
The hobgoblin hits you.
You hit the jackal.
You kill the jackal!
The goblin barely misses you. The hobgoblin hits you.
* * * LOW HITPOINT WARNING * * *
You barely miss the hobgoblin. The goblin hits you.
* * * LOW HITPOINT WARNING * * *
The hobgoblin hits you.
You die...

#........ #........
#.#####.. #.# .... #.#
#.#.. #####+#.###.### .
#...........#..
#?..######...........#.#
......g@.$...........#..
......†.g............#..
....................##†.
..........############..
#...####### #...... #...
#.###.# ##+ #.# #.# #.#
#.# #######.###..


You could see a hobgoblin and a goblin.

Vanquished Creatures
  A dart slug (D:1)
  A hobgoblin (D:1)
  3 jackals (D:1)
  A kobold (D:1)
  A bat (D:1)
  A frilled lizard (D:1)
  A rat (D:1)
9 creatures vanquished.

Notes
Turn   | Place    | Note
-------+----------+-------------------------------------------
     0 | D:1      | slep the Demonspawn Wanderer began the quest for the Orb.
     0 | D:1      | slep set off with: a +2 dagger, a potion of berserk rage, a +0 hand crossbow, 23 bolts, a potion of curing, a +0 robe, a bread ration
     0 | D:1      | Reached XP level 1. HP: 18/18 MP: 1/1
   427 | D:1      | Gained mutation: A weak demonic guardian rushes to your aid. [demonic ancestry]
   427 | D:1      | Reached XP level 2. HP: 11/24 MP: 2/2
   429 | D:1      | Slain by a hobgoblin

Vault maps used:
D:1:      dpeg_arrival_three_smaller_balls

Skill      XL: |  1 |
---------------+----+-----
Armour         | 2 |  2.0
Fighting       | |  3.3
Short Blades   | |  0.3
Throwing       | |  1.0
Dodging        | |  0.1
Stealth        | |  1.0
Necromancy     | |  2.1
Transmutations | |  1.0

Action                   || total
-------------------------++-------
Melee: Dagger            ||    27
  Use: Potion            ||     1
 Stab: Sleeping          ||     1
Armor: Ring mail         ||    16
       Robe              ||     2
Dodge: Dodged            ||    21

Table legend:
 A = Spawn XP
 B = Non-spawn XP
 C = Spawn XP percentage of total XP
 D = Spawn monster count
 E = Non-spawn monster count
 F = Spawn count percentage of total count
 G = Total turns spent on level
                    A         B        C        D         E        F      G
               +---------+---------+-------+---------+---------+-------+---------
         Total |       0 |      17 |   0.0 |       0 |       9 |   0.0 |   429
               +---------+---------+-------+---------+---------+-------+---------
           D:1 |       0 |      17 |   0.0 |       0 |       9 |   0.0 |   429
               +---------+---------+-------+---------+---------+-------+---------
